 Dungeon Crawl Stone Soup version 0.20-a0-957-g47ad1fd (webtiles) character file.

18909 Rrauwl the Carver (level 12, -3/100 HPs)
             Began as a Barachi Berserker on Apr 5, 2017.
             Was a High Priest of Trog.
             Slain by Abuh's ghost (23 damage)
             ... on level 12 of the Dungeon.
             The game lasted 01:17:01 (13528 turns).

Rrauwl the Carver (Barachi Berserker)              Turns: 13528, Time: 01:17:04

Health: -3/100     AC: 12    Str: 25    XL:     12   Next: 63%
Magic:  16/16      EV: 13    Int:  8    God:    Trog [*****.]
Gold:   267        SH:  9    Dex: 12    Spells: 11/11 levels left

rFire    + . .     SeeInvis .   a - +2 long sword (slice)
rCold    + + .     Gourm    .   c - +3 buckler {reflect}
rNeg     + . .     Faith    .   L - +1 scale mail {rC+}
rPois    .         Spirit   .   f - +2 hat
rElec    .         Reflect  +   (no cloak)
rCorr    .         Harm     .   (no gloves)
MR       +....                  (no boots)
Stlth    ..........             G - amulet of regeneration
Regen    0.7/turn               D - ring of positive energy
MPRegen  0.2/turn               E - +2 ring of strength

@: exhausted, slowed, very slow
A: +LOS, swims, cold resistance 1, fire resistance 1, magic resistance 1,
slowness 1, strong legs 1
a: Hop, Berserk, Trog's Hand, Brothers in Arms, Burn Spellbooks, Renounce
Religion


You were on level 12 of the Dungeon.
You worshipped Trog.
Trog was extremely pleased with you.
You were not hungry.

You visited 1 branch of the dungeon, and saw 12 of its levels.
You also visited: Sewer.

You collected 679 gold pieces.
You spent 412 gold pieces at shops.

Inventory:

Hand Weapons
 a - a +2 long sword of slicing (weapon)
 b - the +6 arbalest of Eggim {elec, rPois rF+ rC++ Stlth-}
   (Trog gifted it to you on level 9 of the Dungeon)

   It charges the ammunition it shoots with electricity; occasionally upon a
   hit, such missiles may discharge and cause terrible harm.
   It protects you from fire.
   It greatly protects you from cold.
   It protects you from poison.
   It makes you less stealthy.
 w - the +2 spear of Giupnuta {pierce, rF+ Int+7}
   (You found it on level 4 of the Dungeon)

   It inflicts extra damage upon your enemies.
   It affects your intelligence (+7).
   It protects you from fire.
Missiles
 l - 209 arrows
 K - 8 tomahawks of dispersal (quivered)
 O - 58 bolts
Armour
 c - a +3 buckler of reflection (worn)
 f - a +2 hat (worn)
 F - a +0 troll leather armour
 L - a +1 scale mail of cold resistance (worn)
Jewellery
 v - an uncursed amulet of harm
 D - a ring of positive energy (left hand)
 E - a +2 ring of strength (right hand)
 G - an amulet of regeneration (around neck)
Wands
 g - a wand of polymorph (13/24)
 i - a wand of iceblast (7/15)
 r - a wand of iceblast (8/15)
 t - a wand of random effects (20/48)
 z - a wand of paralysis (13/24)
 A - a wand of digging (12/24)
 B - a wand of random effects (31/48)
 C - a wand of lightning (6/15)
 H - a wand of confusion (29/48)
 J - a wand of lightning (6/15)
 N - a wand of confusion (6/48)
Scrolls
 e - 7 scrolls of remove curse
 o - 9 scrolls of teleportation
 s - a scroll of fog
 u - a scroll of magic mapping
 x - 2 scrolls of blinking
 y - 2 scrolls of enchant armour
 I - a scroll of fear
Potions
 d - a potion of resistance
 j - 3 potions of flight
 m - 7 potions of curing
 n - 3 potions of heal wounds
 p - 3 potions of agility
 q - a potion of cancellation
Comestibles
 h - 4 bread rations
 k - 4 meat rations


   Skills:
 + Level 11.4 Fighting
 + Level 11.6 Long Blades
   Level 2.0 Bows
 + Level 4.2 Crossbows
 + Level 11.1 Armour
 - Level 6.0 Dodging
 + Level 10.1 Shields
 - Level 6.0 Evocations


You had 11 spell levels left.
You didn't know any spells.

Dungeon Overview and Level Annotations

Branches:
Dungeon (12/15)            Temple (0/1) D:7             Orc (0/2) D:9
   Lair: D:8-11

Altars:
Ashenzari
Dithmenos
Fedhas
Gozag
Hepliaklqana
Ru
Wu Jian
Xom
Yredelemnul
Zin
The Shining One

Shops:
D:3 *   D:8 ==:   D:9 [   D:10 *

Annotations:
D:10 exclusion: ice statue
D:12 Abuh's ghost, journeyman MiBe


Innate Abilities, Weirdness & Mutations

Shadows flee at your approach. (+LOS)
You can swim through water.
You cover ground slowly.
You can hop short distances.
Your flesh is cold resistant. (rC+)
Your flesh is heat resistant. (rF+)
You are resistant to hostile enchantments. (MR+)


Message History

The big kobold hits you but does no damage.
Abuh's ghost hits you but does no damage.
You slice Abuh's ghost!!
Abuh's ghost is severely damaged.
You block the kobold's attack.
You hit Abuh's ghost.
Abuh's ghost is severely damaged.
You hit Abuh's ghost but do no damage.
Abuh's ghost is severely damaged.
The big kobold hits you but does no damage.
Abuh's ghost hits you!!
* * * LOW HITPOINT WARNING * * *
You block the kobold's attack.
You closely miss Abuh's ghost.
Abuh's ghost is severely damaged.
You are no longer berserk.
Trog's vigour flows through your veins.
You are exhausted.
You feel yourself slow down. Abuh's ghost hits you!!
You die...

.........# #..# #..<#
.........# #..# #...#
.........####..####...######
............................
###..
...........................
.....
.................(......... .
... ...........................
..# #####....)W.....(<........
#.# #..).@K............... #.#
#..((.K........5..[...
#.########..(###...####(.(.....
###.....(...(.)# #...#
#...##### ...[.)().)..)..#
#...# #...# ......).)......#
#...# #...# ....########...# #.
.# #...# (...# #...# .# #...#
....# #...# # #...#


You could see a big kobold, Abuh's ghost and a kobold.

Vanquished Creatures
  Gastronok (D:9)
  Frances (D:12)
  2 two-headed ogres
  A wizard (D:7)
  An ugly thing (D:11)
  A centaur zombie (D:10)
  A gargoyle (D:7)
  4 kobold demonologists (D:12)
  2 trolls (D:10)
  2 hippogriffs
  A hornet (D:11)
  11 yaks (D:11)
  A hungry ghost (D:9)
  Menkaure (D:6)
  A water moccasin (D:6)
  Duvessa (D:6)
  10 orc warriors
  4 phantoms
  6 ogres
  12 ice beasts
  3 sky beasts
  2 centaurs
  A crocodile (D:9)
  8 big kobolds
  8 bullfrogs
  Dowan (D:6)
  2 wyvern zombies
  A scorpion (D:5)
  A water moccasin skeleton (D:7)
  4 killer bees (D:11)
  7 wights (D:9)
  A howler monkey (D:4)
  4 electric eels
  2 crimson imps
  3 bullfrog zombies
  13 orc priests
  10 hounds
  3 jellies
  2 bullfrog skeletons
  2 centaur skeletons
  4 iguanas
  An iron imp (D:9)
  16 orc wizards
  8 worker ants
  A killer bee zombie (D:6)
  A hound skeleton (D:5)
  A worker ant zombie (D:8)
  3 gnolls (D:11)
  14 adders
  7 river rats (Sewer)
  2 shadow imps
  An ooze (D:3)
  2 adder zombies
  2 adder skeletons
  A worm (D:3)
  3 dart slugs
  9 leopard geckos
  57 orcs
  4 giant cockroaches
  4 goblins
  9 hobgoblins
  11 jackals
  43 kobolds
  4 quokkas
  6 ball pythons
  8 bats
  9 frilled lizards
  2 goblin zombies (D:9)
  3 hobgoblin zombies (D:9)
  A kobold skeleton (D:9)
  A kobold zombie (D:9)
  3 orc skeletons (D:9)
  An orc zombie (D:9)
  A quokka zombie (D:6)
  20 rats
405 creatures vanquished.

Vanquished Creatures (collateral kills)
  Snorg (D:10)
  The ghost of yrara the Cudgeler, a novice DsFi of Makhleb (D:9)
  An orc warrior (D:9)
  An orc (D:9)
4 creatures vanquished.

Vanquished Creatures (others)
  Nessos (D:12)
  A centaur (D:6)
  An orc (D:8)
3 creatures vanquished.

Grand Total: 412 creatures vanquished

Notes
Turn   | Place    | Note
-------+----------+-------------------------------------------
     0 | D:1      | Rrauwl the Barachi Berserker began the quest for the Orb.
     0 | D:1      | Reached XP level 1. HP: 18/18 MP: 1/1
   153 | D:1      | Reached XP level 2. HP: 23/25 MP: 2/2
   765 | D:2      | Reached XP level 3. HP: 27/30 MP: 3/3
   793 | D:2      | Found a sacrificial altar of Ru.
   812 | D:2      | Found a shattered altar of Ashenzari.
   915 | D:2      | Found an opulent altar of Gozag.
  1082 | D:2      | Reached skill level 1 in Shields
  1088 | D:2      | Reached ** piety under Trog
  1202 | D:2      | Gained mutation: You are resistant to hostile enchantments. (MR+) [potion of mutation]
  1202 | D:2      | Gained mutation: Your flesh is cold resistant. (rC+) [potion of mutation]
  1202 | D:2      | Gained mutation: Your flesh is heat resistant. (rF+) [potion of mutation]
  1357 | D:3      | Reached XP level 4. HP: 17/37 MP: 4/4
  1581 | D:3      | Reached XP level 5. HP: 26/42 MP: 5/5
  1748 | D:3      | Found a glowing drain.
  1767 | Sewer    | Entered a sewer
  1907 | Sewer    | Reached *** piety under Trog
  2192 | Sewer    | Reached XP level 6. HP: 38/49 MP: 6/6
  2383 | Sewer    | Reached skill level 5 in Long Blades
  2821 | D:3      | Found Zin's Purification Station.
  2822 | D:3      | Found a glowing silver altar of Zin.
  3229 | D:4      | Got a warped spear
  3230 | D:4      | Identified the +2 spear of Giupnuta {pierce, rF+ Int+7} (You found it on level 4 of the Dungeon)
  3369 | D:4      | Found an ornate altar of the Wu Jian Council.
  3393 | D:4      | Got an opalescent robe
  3404 | D:4      | Identified the +1 robe "Puifepon" {rN+ rCorr Int-2} (You found it on level 4 of the Dungeon)
  3427 | D:4      | Noticed an orc warrior
  3444 | D:4      | Killed an orc warrior
  3444 | D:4      | Reached skill level 5 in Fighting
  3444 | D:4      | Reached XP level 7. HP: 37/56 MP: 7/7
  3801 | D:4      | Found a blossoming altar of Fedhas.
  3808 | D:4      | Found a hazy altar of Hepliaklqana.
  4065 | D:5      | Entered Level 5 of the Dungeon
  4576 | D:5      | Reached **** piety under Trog
  4768 | D:5      | Reached skill level 5 in Dodging
  4903 | D:5      | Reached skill level 5 in Armour
  4977 | D:5      | Reached XP level 8. HP: 47/64 MP: 8/8
  5576 | D:6      | Noticed Menkaure
  5593 | D:6      | Killed Menkaure
  5969 | D:6      | Noticed Duvessa
  5969 | D:6      | Noticed Dowan
  5980 | D:6      | Killed Duvessa
  5984 | D:6      | Killed Dowan
  6161 | D:6      | Reached XP level 9. HP: 71/71 MP: 9/9
  6177 | D:6      | Reached skill level 1 in Evocations
  6234 | D:6      | Found a basalt altar of Yredelemnul.
  6249 | D:6      | Reached skill level 5 in Shields
  6304 | D:6      | Reached skill level 1 in Bows
  7407 | D:7      | Found a staircase to the Ecumenical Temple.
  8083 | D:7      | Noticed a gargoyle
  8094 | D:7      | Killed a gargoyle
  8187 | D:7      | Noticed a wizard
  8194 | D:7      | Killed a wizard
  8194 | D:7      | Reached XP level 10. HP: 80/80 MP: 12/12
  8912 | D:8      | Found a shadowy altar of Dithmenos.
  8913 | D:8      | Noticed a two-headed ogre
  8929 | D:8      | Killed a two-headed ogre
  9127 | D:8      | Found Peewkar's Jewellery Shop.
  9143 | D:8      | Bought an uncursed amulet of regeneration for 390 gold pieces
  9151 | D:8      | Found Vuilaunk's Book Shoppe.
  9265 | D:8      | Got a pair of jewelled gloves
  9271 | D:8      | Identified the +0 pair of gloves of Brilliance {Int+2 Slay-2 Stlth+} (You found it on level 8 of the Dungeon)
  9309 | D:8      | Found Locs's Jewellery Shop.
  9340 | D:8      | Bought a cursed -3 ring of evasion for 22 gold pieces
  9445 | D:9      | Reached skill level 5 in Evocations
  9446 | D:9      | Noticed yrara's ghost (novice DsFi)
  9465 | D:10     | Entered Level 10 of the Dungeon
  9625 | D:10     | Found Ceheur's Assorted Antiques.
  9749 | D:10     | Noticed Snorg
  9767 | D:10     | Killed Snorg
  9816 | D:10     | Found a shimmering altar of Xom.
 10016 | D:10     | Reached XP level 11. HP: 89/89 MP: 15/15
 10056 | D:9      | Noticed Gastronok
 10224 | D:9      | Killed Gastronok
 10224 | D:9      | Reached ***** piety under Trog
 10224 | D:9      | Reached skill level 10 in Long Blades
 10269 | D:9      | Found a glowing golden altar of the Shining One.
 10316 | D:9      | Reached skill level 10 in Fighting
 10447 | D:9      | Killed yrara's ghost
 10752 | D:9      | Received a gift from Trog
 10753 | D:9      | Got an ebony arbalest {god gift}
 10759 | D:9      | Identified the +6 arbalest of Eggim {elec, rPois rF+ rC++ Stlth-} (Trog gifted it to you on level 9 of the Dungeon)
 11107 | D:9      | Reached skill level 1 in Crossbows
 11226 | D:9      | Found Ciher's Antique Armour Emporium.
 11324 | D:9      | Found a staircase to the Orcish Mines.
 11697 | D:10     | Noticed a two-headed ogre
 11715 | D:10     | Killed a two-headed ogre
 11715 | D:10     | Reached skill level 10 in Armour
 12015 | D:10     | You fall through a shaft!
 12061 | D:11     | Reached XP level 12. HP: 91/99 MP: 16/16
 12689 | D:11     | Received a gift from Trog
 13147 | D:12     | Noticed a soul eater
 13157 | D:12     | Noticed Frances
 13175 | D:12     | HP: 5/100 [Frances/iron shot (18)]
 13177 | D:12     | Noticed Abuh's ghost (journeyman MiBe)
 13182 | D:12     | Killed Frances
 13185 | D:12     | Noticed Nessos
 13193 | D:12     | HP: 5/100 [poisoned by Nessos]
 13197 | D:12     | Killed Nessos
 13197 | D:12     | Reached skill level 10 in Shields
 13198 | D:12     | HP: 4/100 [poisoned by Nessos]
 13204 | D:12     | HP: 4/100 [poisoned by Nessos]
 13211 | D:12     | HP: 5/100 [poisoned by Nessos]
 13484 | D:12     | Received a gift from Trog
 13528 | D:12     | Slain by Abuh's ghost

Vault maps used:
D:1:      dpeg_arrival_short_road
D:2:      old_standard_altar, lemuel_doored_altar, old_standard_altar,
          minmay_bisected
D:3:      zin_purify, portal_sewer_entry_d
D:4:      kennysheep_mini, amethyst_overflow_temple_binary, first_bread,
          eino_curves_04
D:6:      yredelemnul_altar_generic, uniq_duvessa, uniq_menkaure
D:7:      temple_pool_b, minmay_three_doors
D:8:      grunt_dithmenos_smoke, serial_shops, kennysheep_mini_moat,
          nicolae_shop_competitors_out_of_business, shop
D:9:      nicolae_tso_besieged_by_evil, erik_orc_2, serial_shops, shop,
          uniq_gastronok
D:10:     minmay_twisted_water, lair_entry_dummy, serial_shops, shop_fountains,
          basic_altar, uniq_snorg
D:12:     hangedman_little_slice_of_home, uniq_nessos, uniq_frances
Sewer:    sewer_minmay_treatment

Skill      XL: |  1  2  3  4  5  6  7  8  9 10 11 12 |
---------------+-------------------------------------+-----
Long Blades    | 4 5 6 7 8 9 10 11 | 11.6
Fighting       | 4 5 6 8 9 10 11 | 11.4
Armour         | 3 4 5 6 7 8 10 11 | 11.1
Shields        | 1 2 3 4 6 7 9 10 | 10.1
Dodging        | 3 4 5 6 |  6.0
Evocations     | 3 5 6 |  6.0
Bows           | 2 |  2.0
Crossbows      | 2 4 |  4.2

Action                   |  1- 3 |  4- 6 |  7- 9 | 10-12 || total
-------------------------+-------+-------+-------+-------++-------
Melee: Falchion          |   109 |   301 |   505 |   695 ||  1610
       Long sword        |       |       |       |   351 ||   351
 Fire: Arbalest          |       |       |       |     6 ||     6
Throw: Tomahawk          |       |       |       |     3 ||     3
Invok: Berserk           |       |     3 |     7 |    19 ||    29
       Trog's Hand       |       |       |     1 |     2 ||     3
       Brothers in Arms  |       |       |       |     2 ||     2
 Abil: Hop               |       |     1 |       |     3 ||     4
Evoke: Wand              |       |       |       |     9 ||     9
  Use: Scroll            |     9 |     1 |     6 |    14 ||    30
       Potion            |     5 |     1 |     3 |     4 ||    13
  Eat: Chunk             |     2 |    10 |    10 |    27 ||    49
       Fruit             |       |       |     4 |       ||     4
       Royal jelly       |       |       |     3 |     1 ||     4
       Bread ration      |       |       |     1 |     2 ||     3
       Meat ration       |       |       |       |     1 ||     1
Armor: Animal skin       |    25 |     1 |       |       ||    26
       Skin              |       |    14 |       |       ||    14
       Chain mail        |       |   131 |     1 |       ||   132
       Plate armour      |       |       |   168 |   193 ||   361
       Scale mail        |       |       |       |   158 ||   158
Dodge: Dodged            |    70 |    95 |   138 |   378 ||   681
Block: Buckler           |     9 |    83 |   135 |   301 ||   528
       Reflection        |       |     2 |     3 |    16 ||    21
       Rpst.: Falchion   |    25 |    29 |    54 |    72 ||   180
       Long sword        |       |       |       |    41 ||    41
